 Dungeon Crawl Stone Soup version 0.30-a0-748-ge6a52f7cba (webtiles) character file.

Game seed: 7105691045661465612

1000 BigDaddyOpFi the Conjurer (level 8, -4/57 HPs)
             Began as a Meteoran Earth Elementalist on Feb 8, 2023.
             Slain by a killer bee (5 damage)
             ... on level 7 of the Dungeon.
             The game lasted 00:05:07 (3211 turns).

BigDaddyOpFi the Conjurer (MeEE)                    Turns: 3211, Time: 00:05:08

Health: -4/57      AC:  5    Str:  9    XL:     8   Next: 71%
Magic:  17/17      EV: 13    Int: 19    God:
Gold:   290        SH:  0    Dex: 15    Spells: 14/18 levels left

rFire   . . .      SeeInvis .    v - +1 flail (protect)
rCold   . . .      Faith    .    (no shield)
rNeg    . . .      Spirit   .    a - +0 robe
rPois   .          Reflect  .    (no helmet)
rElec   .          Harm     .    d - +2 cloak {rCorr}
rCorr   +          Rampage  .    (no gloves)
Will    +....                    (no boots)
Stlth   +                        (no amulet)
HPRegen 0.29/turn                (no ring)
MPRegen 0.15/turn                (no ring)

@: mighty, brilliant, lethally poisoned (-4 -> -8), glowing
A: sense surroundings 1, otherworldly, glowing, explore regen
a: no special abilities


You were on level 7 of the Dungeon.
You visited 2 branches of the dungeon, and saw 8 of its levels.

You collected 290 gold pieces.

Inventory:

Hand Weapons
 s - a +0 flail
 v - a +1 flail of protection (weapon)
Missiles
 m - a throwing net
 r - 6 silver javelins
Armour
 a - a +0 robe (worn)
 d - a +2 cloak of preservation (worn)
Jewellery
 c - an amulet of regeneration
Scrolls
 f - 3 scrolls of identify
 h - a scroll of vulnerability {unknown}
 i - a scroll of enchant weapon {unknown}
 k - a scroll of silence {unknown}
 l - a scroll of fog {unknown}
 n - 3 scrolls of enchant armour {unknown}
 q - a scroll of noise {unknown}
 t - a scroll of butterflies {unknown}
 u - a scroll of poison {unknown}
Potions
 b - a potion of magic
 e - a potion of brilliance
 g - a potion of resistance {unknown}
 j - a potion of might


   Skills:
 - Level 3.4 Dodging
 - Level 2.1 Stealth
 + Level 5.9 Spellcasting
 * Level 6.6 Conjurations
 - Level 2.6 Transmutations
 + Level 6.4 Earth Magic


You had 14 spell levels left.
You knew the following spells:

 Your Spells              Type           Power      Damage    Failure   Level
a - Sandblast             Erth           90%        2d19      1%          1
b - Stone Arrow           Conj/Erth      90%        3d12      2%          3

Your spell library contained the following spells:

 Spells                   Type           Power      Damage    Failure   Level
 Passwall                 Tmut/Erth      28%        N/A       2%          2
 Lesser Beckoning         Tloc           16%        N/A       17%         2
 Petrify                  Tmut/Erth      34%        N/A       17%         4
 Leda's Liquefaction      Hex/Erth       13%        N/A       30%         4
 Call Canine Familiar     Summ           8%         N/A       34%         3
 Gell's Gravitas          Tloc           8%         N/A       34%         3
 Portal Projectile        Hex/Tloc       16%        N/A       34%         3
 Teleport Other           Tloc           8%         N/A       34%         3


Dungeon Overview and Level Annotations

Branches:
Dungeon (7/15) Zot: 1003   Temple (1/1) D:5 Zot: 502

Altars:
Elyvilon
Gozag
Makhleb
Okawaru
Ru
Sif Muna
Trog
Uskayaw
Vehumet
Wu Jian
Yredelemnul
Zin


Innate Abilities, Weirdness & Mutations

You passively map a small area around you.
You are easily found by Zot.
You glow in the dark.
You regain HP and MP as you explore.


Message History

You feel very sick. The killer bee barely misses you.
The killer bee stings you! x2
The killer bee stings you.
You are more poisoned.
The killer bee poisons you! The killer bee stings you!
The killer bee stings you. The killer bee closely misses you.
The killer bee stings you but does no damage.
You climb downwards.
* * * LOW HITPOINT WARNING * * *
You feel very sick.
There is a stone staircase leading up here.
Okay, then.
You feel better. The killer bee closely misses you. The killer bee stings you!
* * * LOW HITPOINT WARNING * * *
You are poisoned.
The killer bee poisons you! The killer bee stings you.
* * * LOW HITPOINT WARNING * * *
The killer bee stings you.
* * * LOW HITPOINT WARNING * * *
The killer bee barely misses you.
The killer bee stings you but does no damage.
The killer bee closely misses you.
The killer bee stings you but does no damage.
It was a potion of brilliance.
You feel clever all of a sudden.
You feel sick. The killer bee stings you.
* * * LOW HITPOINT WARNING * * *
The killer bee barely misses you. x2; The killer bee closely misses you.
The killer bee stings you but does no damage.
The killer bee closely misses you. The killer bee stings you.
* * * LOW HITPOINT WARNING * * *
The killer bee barely misses you.
It was a potion of might.
You feel very mighty all of a sudden.
* * * LOW HITPOINT WARNING * * *
You feel sick. The killer bee misses you. The killer bee barely misses you.
The killer bee closely misses you.
The killer bee stings you but does no damage.
The killer bee stings you.
You die...

* # * .#
,### ####.#
,,
........# ,
###.#....#
#...y.y.###
, * #@y...#
#y..#.# * *
##..#,* ..#
, * *..., *
* .##. * .#
.# , , * ##
# * *


You could see 4 killer bees.

Vanquished Creatures
  Pikel (D:6)
  An ice beast (D:6)
  An ogre (D:5)
  A lemure (D:6)
  A necrophage (D:5)
  An orc priest (D:6)
  An iguana (D:5)
  2 orc wizards
  8 adders
  3 gnolls (D:4)
  An ufetubus (D:4)
  3 worms
  5 dart slugs
  11 orcs
  3 bats
  6 endoplasms
  3 giant cockroaches
  9 goblins
  7 hobgoblins
  11 kobolds
  5 quokkas
  A ball python (D:4)
  4 frilled lizards
  6 rats
95 creatures vanquished.

Notes
Turn   | Place    | Note
-------+----------+-------------------------------------------
     0 | D:1      | BigDaddyOpFi the Meteoran Earth Elementalist began the
                  | quest for the Orb.
     0 | D:1      | Reached XP level 1. HP: 14/14 MP: 5/5
     3 | D:1      | Noticed an electric eel
     4 | D:1      | Noticed an electric eel
    71 | D:1      | Reached XP level 2. HP: 20/20 MP: 2/6
   312 | D:1      | Reached XP level 3. HP: 26/26 MP: 6/8
   487 | D:1      | Glimpsed the power of Zot.
   536 | D:1      | Glimpsed the power of Zot.
   589 | D:2      | Reached XP level 4. HP: 33/33 MP: 7/9
  1073 | D:2      | Glimpsed the power of Zot.
  1100 | D:3      | Reached XP level 5. HP: 38/38 MP: 9/11
  1614 | D:3      | Found an ornate altar of the Wu Jian Council.
  1664 | D:3      | Glimpsed the power of Zot.
  1702 | D:3      | Found a radiant altar of Vehumet.
  1714 | D:3      | Glimpsed the power of Zot.
  1770 | D:4      | Identified the +8 dagger of Destiny {drain, rF+ Str+3
                  | Int+4}
  1920 | D:4      | Learned a level 3 spell: Stone Arrow
  2080 | D:4      | Reached skill level 1 in Conjurations
  2237 | D:5      | Entered Level 5 of the Dungeon
  2284 | D:5      | Reached XP level 6. HP: 45/45 MP: 10/12
  2310 | D:5      | Found a staircase to the Ecumenical Temple.
  2321 | Temple   | Entered the Ecumenical Temple
  2461 | D:5      | Reached skill level 5 in Earth Magic
  2461 | D:5      | Reached XP level 7. HP: 40/50 MP: 4/14
  2491 | D:5      | Noticed a vampire
  2504 | D:5      | HP: 1/50 [something (5)]
  2621 | D:5      | Found a white marble altar of Elyvilon.
  2996 | D:6      | Found the +6 shillelagh "Devastator" {shatter}
  3069 | D:6      | Noticed Pikel
  3076 | D:6      | Killed Pikel
  3077 | D:6      | Reached skill level 5 in Spellcasting
  3077 | D:6      | Reached XP level 8. HP: 38/57 MP: 1/17
  3211 | D:7      | HP: 1/57 [poisoned by a killer bee]
  3211 | D:7      | Slain by a killer bee

Illustrated notes

Levels and vault maps discovered:
D:1:      arrival_aquarium_b, layout_loops_ring, minmay_heptomino_h4
D:2:      layout_loops_corners, st_stairs_10
D:3:      layout_basic, nicolae_overflow_hidden_temple, fiery_altar_vehumet,
          mainiacjoe_overflow_surrounded_room, chequers_arboretum
D:4:      layout_rooms
D:5:      layout_basic, elyvilon_altar_4, minmay_temple_entry_arrows
D:6:      layout_basic, kennysheep_little_box,
          mainiacjoe_overflow_small_starburst, uniq_pikel, uniq_edmund
D:7:      layout_basic
Temple:   kb_temple_of_zot

Skill      XL: |  1  2  3  4  5  6  7 |
---------------+----------------------+-----
Spellcasting   | 3 4 5 |  5.9
Earth Magic    | 4 5 6 |  6.4
Dodging        | 3 |  3.4
Transmutations | 2 |  2.6
Stealth        | 2 |  2.1
Conjurations   | 1 3 6 |  6.6

Action                     |  1- 3 |  4- 6 |  7- 9 || total
---------------------------+-------+-------+-------++-------
  Melee: Unarmed           |     5 |     4 |       ||     9
         Flail             |       |     1 |    14 ||    15
   Cast: Sandblast         |    30 |   104 |    21 ||   155
         Stone Arrow       |       |       |     8 ||     8
    Use: Potion            |       |     2 |     6 ||     8
         Scroll            |       |       |     4 ||     4
 Armour: Robe              |     9 |    17 |    18 ||    44
  Dodge: Dodged            |     5 |    35 |    29 ||    69

Table legend: (Time is in decaauts)
 A = Elapsed time spent in this place.
 B = Non-inter-level travel time spent in this place.
 C = Inter-level travel time spent in this place.
 D = Time resting spent in this place.
 E = Time spent auto-exploring this place.
 F = Levels seen in this place.
 G = Mean time per level.
                   A        B        C        D        E       F      G
               +--------+--------+--------+--------+--------+-----+--------+
         Total |   3293 |   3206 |     87 |    346 |   2251 |   8 |  411.6 |
       Dungeon |   3195 |   3117 |     78 |    346 |   2168 |   7 |  456.4 |
        Temple |     97 |     88 |      9 |      0 |     83 |   1 |   97.0 |
               +--------+--------+--------+--------+--------+-----+--------+

Top non-repeatable levels by time:
     D:3: 649 daAuts
     D:1: 560 daAuts
     D:2: 552 daAuts
     D:6: 539 daAuts
     D:4: 530 daAuts
     D:5: 357 daAuts
  Temple: 97 daAuts
     D:7: 5 daAuts
